 Dungeon Crawl Stone Soup version 0.32-a0-290-g598725c5f2 (webtiles) character file.

Game seed: 12448519336287718972

50289 TerritorialKavu the Unseen (level 14, -3/77 HPs)
             Began as a Spriggan Enchanter on Feb 13, 2024.
             Was an Initiate of Gozag.
             Drowned by a drowned soul (17 damage)
             ... summoned by a merfolk avatar
             ... on level 5 of the Lair of Beasts.
             The game lasted 00:44:07 (22004 turns).

TerritorialKavu the Unseen (Spriggan Enchanter)    Turns: 22004, Time: 00:44:08

Health: -3/77      AC:  3    Str:  4    XL:     14   Next: 19%
Magic:  33/33      EV: 38    Int: 18    God:    Gozag
Gold:   4794       SH:  6    Dex: 25    Spells: 20/25 levels left

rFire   + . .        b - +1 rapier "Ynit" {elec, +Blink rC+}
rCold   + + .        Q - +0 buckler
rNeg    . . .        C - +1 robe "Afedwu Moixo" {rF+ rC+ MP+9}
rPois   .            h - melded +0 hat
rElec   .            D - melded +1 cloak
rCorr   .            (gloves unavailable)
SInv    +            (boots unavailable)
Will    ++...        M - amulet of magic regeneration
Stlth   ++++         f - +6 ring of dexterity
HPRegen 0.32/turn    X - +5 ring of evasion
MPRegen 0.63/turn

%: no passive effects
@: confusing by touch, beast-form, slow
A: beast (slay +4), very small, no large weapons, unfitting armour, see
invisible, speed 3
a: Begin Untransformation, Renounce Religion, Evoke Blink, Potion Petition, Call
Merchant, Bribe Branch


You were on level 5 of the Lair of Beasts.
You worshipped Gozag.
Gozag was most pleased with you.
You were a hulking beast.
You visited 4 branches of the dungeon, and saw 20 of its levels.
You visited 1 bazaar.

You collected 5429 gold pieces.
You spent 572 gold pieces at shops.
You paid 63 gold pieces to Gozag.

Inventory:

Hand Weapons
 a - a +1 dagger of venom
 b - the +1 rapier "Ynit" (weapon) {elec, +Blink rC+}
   (You bought it in a shop in a bazaar)

   rC+:       It protects you from cold.
   +Blink:    It lets you blink.
 r - a +0 rapier
 R - a +1 short sword of venom
Missiles
 I - 3 throwing nets
Armour
 h - a +0 hat (melded)
 n - a +1 hat of willpower
 C - the +1 robe "Afedwu Moixo" (worn) {rF+ rC+ MP+9}
   (You found it on level 3 of the Dungeon)

   rF+:       It protects you from fire.
   rC+:       It protects you from cold.
   MP+9:      It affects your magic capacity (+9).
 D - a +1 cloak (melded)
 Q - a +0 buckler (worn)
Jewellery
 f - a +6 ring of dexterity (left hand)
 g - a ring of magical power
 M - an amulet of magic regeneration (around neck)
 O - a ring of resist corrosion
 S - a ring of willpower
 X - a +5 ring of evasion (right hand)
Talismans
 F - a beast talisman (active)
Wands
 i - a wand of roots (13)
 B - a wand of flame (15)
 N - a wand of polymorph (7)
 T - a wand of charming (13)
Scrolls
 d - 3 scrolls of blinking {@r4}
 j - 7 scrolls of teleportation {@r3}
 k - 2 scrolls of poison
 s - 2 scrolls of amnesia
 t - 3 scrolls of enchant weapon
 u - 2 scrolls of fog {@r2}
 v - 2 scrolls of identify {@r1}
 y - 3 scrolls of summoning {!r}
 A - 4 scrolls of noise
 E - 2 scrolls of silence {!r}
 H - 2 scrolls of immolation
 J - 2 scrolls of enchant armour
 K - 3 scrolls of vulnerability {!r}
 P - 2 scrolls of acquirement
 U - 4 scrolls of torment
 Y - 2 scrolls of brand weapon
Potions
 c - 2 potions of invisibility
 e - 2 potions of resistance {unknown}
 l - 3 potions of enlightenment
 m - 2 potions of magic {unknown}
 o - 2 potions of cancellation
 p - 2 potions of degeneration {unknown}
 q - 2 potions of ambrosia
 w - 6 potions of attraction
 x - 4 potions of brilliance
 z - 8 potions of curing {@q2}
 G - 3 potions of lignification {unknown}
 L - a potion of mutation {unknown}
 V - a potion of haste {@q5}
 W - 2 potions of heal wounds {@q1}


   Skills:
 + Level 10.0 Fighting
 - Level 10.0 Short Blades
 - Level 15.0 Dodging
 - Level 20.0 Stealth
 + Level 0.9 Shields
 - Level 6.0 Spellcasting
 - Level 10.0 Hexes
 + Level 7.2 Shapeshifting


You had 20 spell levels left.
You knew the following spells:

 Your Spells              Type           Power      Damage    Failure   Level
c - Confusing Touch       Hex            41%        N/A       1%          3
e - Ensorcelled Hibernat  Hex/Ice        46%        N/A       4%          2

Your spell library contained the following spells:

 Spells                   Type           Power      Damage    Failure   Level
 Tukima's Dance           Hex            41%        N/A       1%          3
 Dazzling Flash           Conj/Hex       46%        N/A       9%          3
 Inner Flame              Hex/Fire       23%        N/A       9%          3
 Magic Dart               Conj           20%        1d4       24%         1
 Sandblast                Erth           10%        2d5       24%         1
 Blink                    Tloc           10%        N/A       34%         2
 Call Imp                 Summ           10%        N/A       34%         2
 Searing Ray              Conj           10%        2d4       34%         2
 Passwall                 Erth           5%         N/A       56%         3
 Stone Arrow              Conj/Erth      10%        3d7       56%         3
 Brom's Barrelling Bould  Conj/Erth      5%         2d3       93%         4
 Flame Wave               Conj/Fire      5%         2d5       93%         4
 Fulminant Prism          Conj/Alch      2%         3d5       93%         4
 Leda's Liquefaction      Alch/Erth      2%         N/A       93%         4
 Sticky Flame             Fire/Alch      5%         2d4       93%         4
 Summon Blazeheart Golem  Fire/Summ      5%         N/A       93%         4
 Alistair's Intoxication  Alch           3%         N/A       100%        5
 Borgnjor's Vile Clutch   Necr/Erth      2%         N/A       100%        5
 Lee's Rapid Deconstruct  Erth           2%         3d5*      100%        5
 Bombard                  Conj/Erth      2%         9d1       100%        6
 Eringya's Noxious Bog    Alch           2%         4d6       100%        6
 Orb of Destruction       Conj           2%         9d5       100%        7
 Spellforged Servitor     Conj/Summ      2%         N/A       100%        7


Dungeon Overview and Level Annotations

Branches:
Dungeon (12/15)            Temple (1/1) D:6            Lair (5/5) D:11
  Swamp (0/4) Lair:3       Spider (0/4) Lair:3        Slime (0/5) Lair:5
    Orc (2/2) D:12            Elf (0/3) Orc:2

Altars:
Ashenzari
Cheibriados
Dithmenos
Elyvilon
Fedhas
Gozag
Hepliaklqana
Kikubaaqudgha
Makhleb
Nemelex Xobeh
Okawaru
Qazlal
Ru
Sif Muna
Trog
Uskayaw
Vehumet
Wu Jian
Xom
Yredelemnul
Zin
The Shining One
Jiyva

Shops:
D:8 *   Orc:2 **(:!

Annotations:
D:10 3 runed translucent doors, bmj180's ghost, journeyman HuCj


Innate Abilities, Weirdness & Mutations

You are a hulking beast.
Your limbs bulge with bestial killing power. (Slay +4)
You are very small and have problems with some larger weapons.
You are too small for most types of armour.
You have supernaturally acute eyesight. (SInv)
You cover ground extremely quickly. (Speed+++)


Message History

You hit the merfolk avatar but do no damage.
The merfolk avatar is no longer distracted by gold.
The drowned soul touches you. The drowned soul drowns you!
The drowned soul touches you. The drowned soul drowns you!
The merfolk avatar chants its luring song.
You see here a +0 orcbow of electrocution.
Your unstable footing causes you to fumble your attack.
You closely miss the merfolk avatar.
The merfolk avatar chants its luring song.
Your unstable footing causes you to fumble your attack.
The merfolk avatar chants its luring song.
Your unstable footing causes you to fumble your attack.
You hit the merfolk avatar but do no damage.
The merfolk avatar chants its luring song.
Your unstable footing causes you to fumble your attack.
The merfolk avatar chants its luring song.
You hit the merfolk avatar but do no damage.
The merfolk avatar chants its luring song.
You hit the merfolk avatar but do no damage.
The merfolk avatar chants its luring song.
You hit the merfolk avatar but do no damage.
You block the drowned soul's attack.
You hit the merfolk avatar but do no damage.
The drowned soul touches you. The drowned soul drowns you!
The merfolk avatar chants its luring song.
Unknown command.
Read: scroll of fear
Press: ? - help, Q - select action, (/) - cycle Dir - look around, f - activate Look: a merfolk avatar (water, mesmerising, chance to confuse on hit: 2%, chance to affect: 29%)
As you read the scroll of fear, it crumbles to dust.
You assume a fearsome visage.
The drowned soul is unaffected. x2; The merfolk avatar looks frightened!
The merfolk avatar stops singing.
You break out of your daze!
The merfolk avatar's song is interrupted.
The drowned soul touches you. The drowned soul drowns you!
* * * LOW HITPOINT WARNING * * *
The drowned soul touches you. The drowned soul drowns you!
You die...
Your body crumbles into a pile of gold.

....~#~~# ...~#.~~# #
..~.~~~~# ~#
.##.P~~~#####~P #.#
###.~#~~.⌠~~~. .⌠#
#~~#~~#~~~ß ~~~ ~~
##.P~~~#~~~##++##~#~.~~
##.~P.~..#.~#$?$)~~.~#
....#~P#~~~~#♦m≈h#~~~#
...~~~~~#~~~~:≈≈:# ~~~
...~~~~.~..~#$?!!# .
...~~~..##.~######
....~#~~#~~~~~#
....##.~#⌠~~..~~~
...~~~~~#####~~~#
....~~~~# .#~~~
...~##~~# #~.~~


You could see a merfolk avatar (fleeing).

Vanquished Creatures
  Gastronok (Lair:3)
  An orc warlord (Orc:1)
  An eleionoma (Lair:3)
  A hydra (Lair:3)
  2 two-headed ogres
  Urug (Lair:3)
  2 orc high priests (Orc:2)
  A harpy (Lair:5)
  8 orc sorcerers
  A deep elf pyromancer (D:12)
  An orc knight (Orc:1)
  2 elephants (D:11)
  A manticore (D:12)
  A meliai (Lair:3)
  2 black mambas
  4 kobold blastminers
  A guardian serpent (D:11)
  3 gargoyles
  4 unseen horrors (D:11)
  7 cane toads
  9 komodo dragons
  A kobold demonologist (D:10)
  5 rime drakes
  3 polar bears
  25 blink frogs
  A hornet (Lair:5)
  7 trolls
  15 slime creatures
  A shadow (D:10)
  42 yaks
  3 vampires
  Sigmund (D:2)
  4 wyverns
  2 steam dragons (Lair:5)
  3 basilisks
  6 wargs
  2 acid dragons (D:12)
  9 water moccasins
  26 orc warriors
  2 sky beasts (D:7)
  5 black bears
  2 ogres (Orc:2)
  4 centaurs
  3 kobold brigands
  A phantom (D:4)
  Blork the orc (D:6)
  12 bullfrogs
  A scorpion (D:5)
  8 wights
  15 killer bees
  2 electric eels
  5 howler monkeys
  20 orc priests
  3 bombardier beetles
  2 hounds
  6 jellies
  2 gnoll boudas (D:7)
  A sleepcap (D:5)
  Jessica (D:2)
  An iguana (D:5)
  42 orc wizards
  Robin (D:2)
  10 gnolls
  13 adders
  A shadow imp (D:6)
  3 white imps
  2 ufetubi (D:7)
  6 ribbon worms
  4 dart slugs
  65 orcs
  7 ball pythons
  8 bats
  11 endoplasms
  7 giant cockroaches
  17 goblins
  9 hobgoblins
  4 jackals (D:3)
  25 kobolds
  6 quokkas
  3 frilled lizards
  10 rats
561 creatures vanquished.

Vanquished Creatures (others)
  An orc wizard (Orc:2)
  2 orcs (Orc:1)
3 creatures vanquished.

Grand Total: 564 creatures vanquished

Notes
Turn   | Place    | Note
-------+----------+-------------------------------------------
     0 | D:1      | TerritorialKavu the Spriggan Enchanter began the quest for
                  | the Orb.
     0 | D:1      | Reached XP level 1. HP: 9/9 MP: 5/5
   137 | D:1      | Reached XP level 2. HP: 13/13 MP: 6/6
   142 | D:1      | Learned a level 2 spell: Ensorcelled Hibernation
   528 | D:1      | Reached XP level 3. HP: 16/16 MP: 6/8
   561 | D:1      | Found a faded altar of an unknown god.
   625 | D:1      | Reached skill level 5 in Stealth
  1193 | D:2      | Reached XP level 4. HP: 21/21 MP: 6/10
  1200 | D:2      | Learned a level 3 spell: Confusing Touch
  1718 | D:2      | Noticed Jessica
  1723 | D:2      | Killed Jessica
  1724 | D:2      | Reached XP level 5. HP: 24/24 MP: 8/11
  1827 | D:2      | Noticed Robin
  1916 | D:2      | Reached skill level 6 in Stealth
  1925 | D:2      | Killed Robin
  2026 | D:2      | Noticed Sigmund
  2030 | D:2      | Killed Sigmund
  2031 | D:2      | Reached skill level 5 in Hexes
  2031 | D:2      | Reached XP level 6. HP: 28/28 MP: 13/13
  2120 | D:2      | Reached skill level 7 in Stealth
  2334 | D:2      | Identified the +0 helmet of Dim Light {Str+4}
  2406 | D:3      | You fall into a shaft and drop 3 floors!
  2417 | D:6      | Found a staircase to the Ecumenical Temple.
  2552 | Temple   | Entered the Ecumenical Temple
  2656 | Temple   | Became a worshipper of Gozag Ym Sagoz the Greedy
  2945 | D:6      | Reached XP level 7. HP: 32/32 MP: 9/14
  3038 | D:5      | Entered Level 5 of the Dungeon
  3053 | D:5      | Reached skill level 8 in Stealth
  3665 | D:3      | Reached skill level 5 in Short Blades
  4175 | D:3      | Found a sparkling altar of Nemelex Xobeh.
  4175 | D:3      | Found a shimmering altar of Xom.
  4543 | D:3      | Identified the +1 robe "Afedwu Moixo" {rF+ rC+ MP+9}
  5508 | D:5      | Reached skill level 1 in Fighting
  5508 | D:5      | Reached XP level 8. HP: 37/37 MP: 15/15
  6244 | D:6      | Reached skill level 5 in Dodging
  6271 | D:6      | Noticed Blork the orc
  6341 | D:6      | Killed Blork the orc
  6915 | D:7      | Reached XP level 9. HP: 41/44 MP: 10/16
  7116 | D:7      | Reached skill level 9 in Stealth
  7780 | D:7      | Reached skill level 10 in Stealth
  8202 | D:7      | Reached skill level 11 in Stealth
  8382 | D:8      | Found Olafuy's General Store.
  9121 | D:9      | Reached skill level 12 in Stealth
  9483 | D:9      | Reached skill level 5 in Spellcasting
  9483 | D:9      | Reached XP level 10. HP: 43/49 MP: 18/18
  9486 | D:9      | Noticed a two-headed ogre
  9501 | D:9      | Killed a two-headed ogre
  9504 | D:9      | Reached skill level 5 in Fighting
  9979 | D:10     | Entered Level 10 of the Dungeon
  9992 | D:10     | Found a runed translucent gate.
  9992 | D:10     | Found a runed translucent gate.
  9992 | D:10     | Found a runed translucent gate.
  9993 | D:10     | Noticed bmj180's ghost (journeyman HuCj)
 10387 | D:10     | Noticed an ogre mage
 10678 | D:10     | Noticed a sea snake
 10910 | D:10     | Identified a scroll of acquirement
 10957 | D:11     | Noticed a guardian serpent
 11007 | D:11     | Noticed a two-headed ogre
 11008 | D:11     | Killed a two-headed ogre
 11009 | D:11     | Reached XP level 11. HP: 56/56 MP: 21/21
 11046 | D:11     | Reached skill level 10 in Hexes
 11058 | D:11     | Found a flickering gateway to a bazaar.
 11067 | Bazaar   | Entered a bazaar
 11071 | Bazaar   | Found Biweoh's Jewellery Boutique.
 11087 | Bazaar   | Found Fufoc's General Store.
 11112 | Bazaar   | Found Zugivom's Book Boutique.
 11132 | Bazaar   | Found Fikumm's Antique Weapon Shoppe.
 11159 | Bazaar   | Bought a steaming rapier for 270 gold pieces
 11159 | Bazaar   | Identified the +1 rapier "Ynit" {elec, +Blink rC+} (You
                  | bought it in a shop in a bazaar)
 11214 | D:11     | Reached skill level 10 in Short Blades
 11554 | D:11     | Reached skill level 13 in Stealth
 11762 | D:11     | Reached skill level 10 in Dodging
 11773 | D:11     | Reached skill level 14 in Stealth
 12385 | D:11     | Found a staircase to the Lair.
 12709 | D:12     | Reached skill level 15 in Stealth
 12777 | D:12     | Found a staircase to the Orcish Mines.
 13014 | D:12     | Noticed a deep elf pyromancer
 13017 | D:12     | Reached XP level 12. HP: 54/61 MP: 22/22
 13891 | Orc:1    | Entered Level 1 of the Orcish Mines
 14161 | Orc:1    | Reached skill level 15 in Dodging
 14177 | Orc:1    | Reached skill level 1 in Shapeshifting
 15030 | Orc:2    | Entered Level 2 of the Orcish Mines
 15037 | Orc:2    | Noticed an orc warlord
 15166 | Orc:2    | Found a staircase to the Elven Halls.
 15171 | Orc:2    | Found Noytzas's Distillery.
 15184 | Orc:2    | Bought 2 potions of curing for 72 gold pieces
 15184 | Orc:2    | Bought a potion of haste for 120 gold pieces
 15594 | Orc:1    | Killed an orc warlord
 15595 | Orc:1    | Reached skill level 16 in Stealth
 15934 | Orc:2    | Reached skill level 5 in Shapeshifting
 16005 | Orc:2    | Noticed an orc high priest
 16314 | Orc:2    | Noticed an orc high priest
 16367 | Orc:2    | Killed an orc high priest
 16368 | Orc:2    | Reached XP level 13. HP: 67/67 MP: 23/23
 16815 | Orc:2    | Found Hagh's General Store.
 16815 | Orc:2    | Found Weqisoen's Book Shoppe.
 16817 | Orc:2    | Found Nen Mycs's Antique Weapon Shoppe.
 16821 | Orc:2    | Found Ystegon's General Store.
 16829 | Orc:2    | Bought 2 potions of heal wounds for 110 gold pieces
 17066 | Lair:1   | Entered Level 1 of the Lair of Beasts
 17514 | Lair:1   | Reached skill level 17 in Stealth
 18178 | Lair:2   | Identified the +0 pair of gloves of the World {+Blink}
 18402 | Lair:2   | You fall into a shaft and drop 2 floors!
 18471 | Lair:3   | Reached skill level 18 in Stealth
 18581 | Lair:3   | Noticed Urug
 18586 | Lair:3   | Killed Urug
 18689 | Lair:3   | Found a staircase to the Swamp.
 18689 | Lair:3   | Noticed an eleionoma
 18700 | Lair:3   | Found a hole to the Spider Nest.
 18701 | Lair:3   | Noticed Gastronok
 19479 | Lair:3   | Killed an eleionoma
 19503 | Lair:3   | Reached skill level 19 in Stealth
 19555 | Lair:3   | Killed Gastronok
 20418 | Lair:4   | Reached XP level 14. HP: 60/75 MP: 24/24
 21412 | Lair:5   | Entered Level 5 of the Lair of Beasts
 21469 | Lair:5   | Identified the +1 trident of the Supporting Gods {flame,
                  | Str-3 Dex+10}
 21536 | Lair:5   | Found a staircase to the Slime Pits.
 21538 | Lair:5   | Found a viscous altar of Jiyva.
 21567 | Lair:5   | Reached skill level 10 in Fighting
 21567 | Lair:5   | Reached skill level 20 in Stealth
 22004 | Lair:5   | Drowned by a drowned soul

Illustrated notes

Levels and vault maps discovered:
D:1:      minmay_arrival_shoal_huts, layout_rooms,
          hellmonk_ecumenical_altar_run_dry, serial_bayou_lagoon_a
D:2:      layout_loops_ring, uniq_robin, uniq_jessica, uniq_sigmund
D:3:      minmay_thinvault, layout_rooms, amethyst_overflow_temple_binary
D:4:      black_bear_nest_1, layout_loops_ring, kennysheep_potato
D:5:      layout_rooms
D:6:      layout_basic, temple_pool_b, uniq_blork_the_orc
D:7:      layout_basic
D:8:      layout_loops_ring, serial_shops, nicolae_stop_n_shop_2
D:9:      layout_basic
D:10:     layout_roguey, serial_aquarium, aquarium_bridge_island_small
          [aquarium_subvault_small_open, aquarium_subvault_window,
          aquarium_subvault_bridge, aquarium_subvault_wall,
          aquarium_subvault_wall], aquarium_window_double, aquarium_window_1,
          aquarium_window_fake, aquarium_window_1, aquarium_view_2g,
          aquarium_balcony_3a, gammafunk_ghost_split
D:11:     layout_roguey, grunt_lair_entry_orc_guard_hut, serial_shops,
          bzr_entry_islet, nrook_guardian_serpent_double
D:12:     layout_loops_ring, orc_0_dummy
Temple:   mainiacjoe_temple_big_plus
Lair:1:   layout_gridlike, grunt_megastairs_2
Lair:2:   layout_chaotic_city, lemuel_fruit_tree, serial_bayou_shore_a
Lair:3:   layout_gridlike, alex1729_swamp_entry_worm_eleionoma,
          hellmonk_spider_entry_not_the_bees, grunt_megastairs_1,
          uniq_gastronok, uniq_urug
Lair:4:   layout_regular_city
Lair:5:   gammafunk_lair_ancient_temple, layout_hall_layers,
          minmay_slime_entry_pillars, portal_ice_cave_entry_ice_simulacra,
          dreamdust_gnoll_shepherd
Orc:1:    nicolae_orc_accident_3, layout_diamond_mine
Orc:2:    st_orc_mages, layout_diamond_mine, serial_shops,
          nicolae_shop_industrial_runoff

Skill      XL: |  1  2  3  4  5  6  7  8  9 10 11 12 13 14 |
---------------+-------------------------------------------+-----
Spellcasting   | 3 4 5 6 |  6.0
Hexes          | 4 5 6 8 9 10 | 10.0
Short Blades   | 2 3 4 5 8 9 10 | 10.0
Stealth        | 5 6 7 8 12 15 16 19 20 | 20.0
Dodging        | 3 8 12 15 | 15.0
Fighting       | 1 3 6 7 9 10 | 10.0
Shapeshifting  | 5 7 |  7.2
Shields        | |  0.9

Action                     |  1- 3 |  4- 6 |  7- 9 | 10-12 | 13-15 || total
---------------------------+-------+-------+-------+-------+-------++-------
  Melee: Dagger            |   105 |   103 |   349 |       |       ||   557
         Short sword       |       |       |     3 |    88 |       ||    91
         Rapier            |       |       |       |   312 |   332 ||   644
   Cast: Ensorcelled Hiber |    29 |    29 |   102 |   213 |   139 ||   512
         Confusing Touch   |       |       |     9 |    19 |    12 ||    40
  Evoke: Wand              |       |       |       |     3 |       ||     3
    Use: Potion            |       |       |     3 |     2 |       ||     5
         Scroll            |       |       |       |    21 |     2 ||    23
   Stab: Distracted        |     2 |     1 |     7 |    14 |     7 ||    31
         Sleeping          |    11 |    26 |    96 |   121 |    95 ||   349
         Confused          |       |       |     7 |    19 |     8 ||    34
 Armour: Robe              |    25 |    15 |    89 |    93 |    65 ||   287
  Dodge: Dodged            |    94 |    66 |   291 |   373 |   343 ||  1167
  Block: Buckler           |       |       |     1 |    88 |    76 ||   165
   Form: Beast             |       |       |       |     1 |       ||     1

Table legend: (Time is in decaauts)
 A = Elapsed time spent in this place.
 B = Non-inter-level travel time spent in this place.
 C = Inter-level travel time spent in this place.
 D = Time resting spent in this place.
 E = Time spent auto-exploring this place.
 F = Levels seen in this place.
 G = Mean time per level.
                   A        B        C        D        E       F      G
               +--------+--------+--------+--------+--------+-----+--------+
         Total |  16287 |  15344 |    943 |   2419 |   9659 |  21 |  775.6 |
       Dungeon |  10250 |   9597 |    653 |   1316 |   6377 |  12 |  854.2 |
        Temple |    111 |     75 |     36 |      0 |     73 |   1 |  111.0 |
          Lair |   3581 |   3461 |    120 |    413 |   2320 |   5 |  716.2 |
  Orcish Mines |   2268 |   2135 |    133 |    690 |    837 |   2 | 1134.0 |
        Bazaar |     75 |     75 |      0 |      0 |     51 |   1 |   75.0 |
               +--------+--------+--------+--------+--------+-----+--------+

Top non-repeatable levels by time:
    D:11: 1233 daAuts
   Orc:2: 1178 daAuts
     D:7: 1163 daAuts
    D:12: 1140 daAuts
   Orc:1: 1089 daAuts
     D:2: 1016 daAuts
  Lair:4: 958 daAuts
     D:3: 931 daAuts
     D:1: 897 daAuts
     D:6: 877 daAuts
  Lair:3: 872 daAuts
  Lair:2: 791 daAuts
    D:10: 674 daAuts
     D:9: 645 daAuts
  Lair:1: 616 daAuts
